 Dungeon Sprint DCSS version 0.31-a0-75-g6fe912e8c5 (webtiles) character file.

Game seed: 12660160468157837822

1088 sircluck the Grappler (level 8, 0/136 HPs)
             Began as a Troll Berserker on May 23, 2023.
             Was an Elder of Trog.
             Succumbed to Sonja's curare-tipped dart
             ... in the Dungeon (Sprint I: "Red Sonja").
             The game lasted 00:01:07 (288 turns).

sircluck the Grappler (Troll Berserker)              Turns: 288, Time: 00:01:08

Health: 0/136      AC:  4    Str: 28    XL:     8   Next: 9%
Magic:  7/7        EV: 12    Int:  3    God:    Trog [****..]
Gold:   418        SH:  0    Dex:  9    Spells: 7/7 levels left

rFire   . .          .
                       - Unarmed
rCold   . . .        (no shield)
rNeg    . . .        a - +0 animal skin
rPois   .            (helmet restricted)
rElec   .            (no cloak)
rCorr   .            (gloves unavailable)
SInv    .            (boots unavailable)
Will    .....        (no amulet) Stlth
                     (no ring)
HPRegen 1.22/turn    (no ring)
MPRegen 0.10/turn

%: no teleportation
@: berserking (expiring), lethally poisoned (0 -> -1), slowed
A: large, unfitting armour, claws 3, regeneration 1, shaggy fur 1, tough skin 1
a: Renounce Religion, Berserk, Trog's Hand, Brothers in Arms


You were in the Dungeon.
You worshipped Trog.
Trog was greatly pleased with you.
You visited 1 branch You collected 418 gold pieces.

Inventory:

Missiles
 j - 2 stones (quivered)
Armour
 a - a +0 animal skin (worn)
Wands
 h - a wand of paralysis (4)
Scrolls
 g - a scroll of blinking
 k - a scroll of vulnerability {unknown}
Potions
 b - a potion of curing
 c - a potion of heal wounds
 d - a potion of haste
 e - 2 potions of magic
 f - a potion of berserk rage
 i - 2 potions of cancellation {unknown}


   Skills:
 + Level 8.8 Fighting
 + Level 8.4 Dodging
 + Level 11.7 Unarmed Combat


You had 7 spell levels left.
You didn't know any spells.
Your spell library was empty.

Dungeon Overview and Level Annotations

Branches:
Dungeon (1/1)

Altars:
Makhleb
Sif Muna
Vehumet
Wu Jian
Xom
Jiyva
Lugonu

Annotations:
D Sonja


Innate Abilities, Weirdness & Mutations

You are too large for most types of armour.
You have claws for hands.
Your natural rate of healing is unusually fast.
You are covered in fur. (AC +1)
You have tough skin. (AC +1)


Message History

Space warps around you.
Sonja hits you with a +0 short sword of distortion.
Space warps horribly around you!
Sonja hits you with a +0 short sword of distortion.
You miss Sonja.
You feel sick.
Sonja hits you with a +0 short sword of distortion!
Space warps around you. Sonja barely misses you.
Sonja hits you with a +0 short sword of distortion.
Space warps around you.
Unknown command.
You closely miss Sonja.
You feel sick.
Sonja hits you with a +0 short sword of distortion.
Sonja closely misses you.
Sonja hits you with a +0 short sword of distortion.
Space warps around you.
* * * LOW HITPOINT WARNING * * *
Unknown command.
You are already empty-clawed.
You miss Sonja.
You feel sick.
Sonja hits you with a +0 short sword of distortion.
* * * LOW HITPOINT WARNING * * *
Space warps horribly around you!
* * * LOW HITPOINT WARNING * * *
Sonja hits you with a +0 short sword of distortion.
* * * LOW HITPOINT WARNING * * *
Space warps around you.
* * * LOW HITPOINT WARNING * * *
Sonja hits you but does no damage. Space warps around you.
* * * LOW HITPOINT WARNING * * *
You feel sick. Sonja closely misses you.
Sonja hits you with a +0 short sword of distortion.
* * * LOW HITPOINT WARNING * * *
Space warps around you.
* * * LOW HITPOINT WARNING * * *
Sonja hits you but does no damage.
Unknown command.
Unknown command.
Unknown command.
You feel a strong urge to attack something.
You die...

#<.#..)..#..'..#__#..')).#
#..').#..').#..'..'..#...#
#..#####'#####'#__####...+
#..# #..#...#.#### #####
#..# ####..##.# #..#
##'#_.+ #⌠⌠# +.K._# ####
#_.#'# ##@#.# #.### $.$
#$.$# ##.## #+#


You could see Sonja.

Vanquished Creatures
  2 kobold demonologists (D)
  A slime creature (D)
  Sigmund (D)
  A floating eye (D)
  An ogre (D)
  A jelly (D)
  Ijyb (D)
8 creatures vanquished.

Notes
Turn   | Place    | Note
-------+----------+-------------------------------------------
     0 | D        | sircluck the Troll Berserker began the quest for the Orb.
     0 | D        | Reached XP level 1. HP: 22/22 MP: 0/0
     1 | D        | Noticed Ijyb
     5 | D        | Killed Ijyb
     6 | D        | Reached skill level 4 in Unarmed Combat
     6 | D        | Reached XP level 2. HP: 28/31 MP: 1/1
   110 | D        | Noticed an ogre
   114 | D        | Killed an ogre
   115 | D        | Reached skill level 6 in Unarmed Combat
   115 | D        | Reached XP level 3. HP: 33/41 MP: 2/2
   115 | D        | Reached XP level 4. HP: 40/49 MP: 3/3
   135 | D        | Noticed Sigmund
   140 | D        | Killed Sigmund
   140 | D        | Reached ** piety under Trog
   141 | D        | Reached skill level 8 in Unarmed Combat
   141 | D        | Reached XP level 5. HP: 58/61 MP: 4/4
   158 | D        | Found an ornate altar of the Wu Jian Council.
   158 | D        | Found a shimmering blue altar of Sif Muna.
   160 | D        | Found a radiant altar of Vehumet.
   165 | D        | Reached XP level 6. HP: 68/68 MP: 5/5
   205 | D        | Found a burning altar of Makhleb.
   205 | D        | Found a viscous altar of Jiyva.
   205 | D        | Found a shimmering altar of Xom.
   205 | D        | Found a corrupted altar of Lugonu.
   205 | D        | Noticed a slime creature
   213 | D        | Killed a slime creature
   214 | D        | Reached skill level 9 in Unarmed Combat
   227 | D        | Noticed a kobold demonologist
   227 | D        | Noticed a floating eye
   227 | D        | Noticed a kobold demonologist
   230 | D        | Killed a floating eye
   230 | D        | Reached *** piety under Trog
   231 | D        | Reached skill level 10 in Unarmed Combat
   231 | D        | Reached XP level 7. HP: 75/79 MP: 6/6
   232 | D        | Noticed a chaos spawn
   233 | D        | Noticed a sun demon
   233 | D        | Killed a kobold demonologist
   234 | D        | Reached skill level 11 in Unarmed Combat
   234 | D        | Noticed a neqoxec
   242 | D        | Killed a kobold demonologist
   242 | D        | Reached **** piety under Trog
   243 | D        | Reached XP level 8. HP: 46/91 MP: 7/7
   278 | D        | Noticed Sonja
   287 | D        | HP: 3/136 [Sonja/+0 short sword of distortion (5)]
   287 | D        | HP: 1/136 [Sonja/+0 short sword of distortion (2)]
   288 | D        | Succumbed to Sonja's curare-tipped dart

Illustrated notes

Levels and vault maps discovered:
D:        dungeon_sprint_1 [red_sonja_temple_1, red_sonja_temple_small_1]

Skill      XL: |  1  2  3  4  5  6  7 |
---------------+----------------------+-----
Fighting       | 3 4 6 7 8 |  8.8
Dodging        | 3 4 6 7 8 |  8.4
Unarmed Combat | 4 6 8 10 11 | 11.7

Action                     |  1- 3 |  4- 6 |  7- 9 || total
---------------------------+-------+-------+-------++-------
  Melee: Unarmed           |     6 |    15 |    15 ||    36
         Punch             |     1 |     2 |       ||     3
 Invoke: Berserk           |       |       |     1 ||     1
  Evoke: Wand              |     1 |       |       ||     1
    Use: Potion            |       |       |     1 ||     1
 Armour: Animal skin       |       |     3 |    11 ||    14
  Dodge: Dodged            |     1 |    10 |    26 ||    37

Table legend: (Time is in decaauts)
 A = Elapsed time spent in this place.
 B = Non-inter-level travel time spent in this place.
 C = Inter-level travel time spent in this place.
 D = Time resting spent in this place.
 E = Time spent auto-exploring this place.
 F = Levels seen in this place.
 G = Mean time per level.
                   A        B        C        D        E       F      G
               +--------+--------+--------+--------+--------+-----+--------+
         Total |    283 |    283 |      0 |    100 |     21 |   1 |  283.0 |
       Dungeon |    283 |    283 |      0 |    100 |     21 |   1 |  283.0 |
               +--------+--------+--------+--------+--------+-----+--------+

Top non-repeatable levels by time:
       D: 283 daAuts
